 Dungeon Sprint DCSS version 0.20.0-15-g7f486f2 (webtiles) character file.

3656 Snowbourne the Ninja (level 9, -3/43 HPs)
             Began as a Spriggan Chaos Knight on June 27, 2017.
             Splashed by an oklob plant's acid (10 damage)
             ... in the Dungeon (Sprint I: "Red Sonja").
             The game lasted 00:04:38 (573 turns).

Snowbourne the Ninja (Spriggan Chaos Knight)         Turns: 573, Time: 00:04:39

Health: -3/43      AC:  4    Str:  8    XL:     9   Next: 88%
Magic:  10/10      EV: 28    Int: 13    God:    Xom [..*...]
Gold:   627        SH:  0    Dex: 19    Spells: 8/8 levels left

rFire    . . .     SeeInvis +   a - +0 short sword (chaos)
rCold    . . .     Gourm    .   (shield restricted)
rNeg     . . .     Faith    .   n - +2 robe
rPois    .         Spirit   .   (helmet restricted)
rElec    .         Reflect  .   (no cloak)
rCorr    .         Harm     .   (gloves unavailable)
MR       +....     NoTele   +   (boots unavailable)
Stlth    +++++++++.             (no amulet)
Regen    0.2/turn               (no ring)
MPRegen  0.2/turn               (no ring)

@: very quick
A: unfitting armour, see invisible, herbivore 3, speed 3, slow metabolism 2
a: Renounce Religion


You were in the Dungeon.
You worshipped Xom.
You were a toy of Xom.
You were not hungry.

You visited 1 branch You collected 747 gold pieces.
You spent 120 gold pieces at shops.

Inventory:

Hand Weapons
 a - a +0 short sword of chaos (weapon)
 b - a +3 blowgun
Missiles
 k - 4 needles of confusion
 m - 7 curare-tipped needles
Armour
 n - a +2 robe (worn)
Scrolls
 d - a scroll of enchant weapon {unknown}
 i - a scroll of blinking
Potions
 e - a potion of heal wounds
 f - a potion of haste
 g - 2 potions of magic
 h - a potion of might {unknown}
 j - 2 potions of berserk rage
 l - a potion of lignification {unknown}
Comestibles
 c - a bread ration


   Skills:
 - Level 2.4 Fighting
 + Level 8.4 Short Blades
 + Level 10.6 Dodging
 O Level 27 Stealth


You had 8 spell levels left.
You didn't know any spells.

Dungeon Overview and Level Annotations

Branches:
Dungeon (1/1)

Altars:
Cheibriados
Dithmenos
Elyvilon
Fedhas
Gozag
Hepliaklqana
Kikubaaqudgha
Makhleb
Nemelex Xobeh
Okawaru
Qazlal
Ru
Sif Muna
Trog
Uskayaw
Vehumet
Xom
Yredelemnul
Zin
The Shining One
Jiyva
Lugonu

Shops:
D !![

Annotations:
D exclusion: oklob plant


Innate Abilities, Weirdness & Mutations

You are very small and have problems with some larger weapons.
You are too small for most types of armour.
You have supernaturally acute eyesight. (SInv)
You are a herbivore.
You cover ground extremely quickly.
You need consume almost no food.


Message History

An oklob plant comes into view.
There is an open door here.
You hit the oklob plant but do no damage.
The oklob plant flickers and vanishes for a moment.
You hit the oklob plant but do no damage.
You hit the oklob plant.
The oklob plant is lightly damaged.
You hit the oklob plant but do no damage.
The oklob plant is lightly damaged.
The oklob plant spits acid at you. The splash of acid hits you!
You are splashed with acid!
The acid burns!
You hit the oklob plant but do no damage.
Nothing appears to happen.
The oklob plant is lightly damaged.
The oklob plant spits acid at you. The splash of acid hits you!
* * * LOW HITPOINT WARNING * * *
You are splashed with acid!
The acid burns!
You die...
Xom roars with laughter!

###################
).#..'..#__#..'..)#
..'..#..'..'..#...#
#'#####'#__####)..+
..#...#)####§.#####
###..##)#≈§§.§#..#
__##'#..+§§§..+.†#
..÷'..._#§§§§§#..#
__##_.#'##§#####@#
__###'#(#§..)###P+
#####)####'###(###
...'.).'.....'(∩#
####...##########
##.## #+#


You could see an oklob plant (invisible).

Vanquished Creatures
  2 centaur warriors (D)
  A deep troll (D)
  2 kobold demonologists (D)
  A hornet (D)
  A slime creature (D)
  A yak (D)
  Sigmund (D)
  A floating eye (D)
  An ogre (D)
  A jelly (D)
  Ijyb (D)
13 creatures vanquished.

Vanquished Creatures (collateral kills)
  Sonja (D)
1 creature vanquished.

Grand Total: 14 creatures vanquished

Notes
Turn   | Place    | Note
-------+----------+-------------------------------------------
     0 | D        | Snowbourne the Spriggan Chaos Knight began the quest for the Orb.
     0 | D        | Reached XP level 1. HP: 11/11 MP: 2/2
     2 | D        | Noticed Ijyb
     7 | D        | XOM: potion effect (curing)
    18 | D        | XOM: silly message
    23 | D        | Killed Ijyb
    23 | D        | Reached skill level 8 in Stealth
    23 | D        | Reached XP level 2. HP: 14/16 MP: 3/3
    68 | D        | XOM: harmless Summ miscast
    70 | D        | Noticed an ogre
    73 | D        | XOM: divination: detect items
    76 | D        | Killed an ogre
    76 | D        | Reached skill level 13 in Stealth
    76 | D        | Reached XP level 3. HP: 19/19 MP: 4/4
    76 | D        | Reached XP level 4. HP: 23/23 MP: 5/5
   119 | D        | Noticed Sigmund
   121 | D        | Killed Sigmund
   121 | D        | Reached skill level 17 in Stealth
   121 | D        | Reached XP level 5. HP: 27/27 MP: 6/6
   121 | D        | Reached XP level 6. HP: 32/32 MP: 7/7
   134 | D        | Found a deep blue altar of Sif Muna.
   136 | D        | Found a radiant altar of Vehumet.
   140 | D        | Reached skill level 18 in Stealth
   142 | D        | Found Omexul's Distillery.
   142 | D        | Found an ancient bone altar of Kikubaaqudgha.
   142 | D        | Found a hazy altar of Hepliaklqana.
   142 | D        | Found a stormy altar of Qazlal.
   142 | D        | Found a hide-covered altar of Uskayaw.
   142 | D        | Found a blossoming altar of Fedhas.
   142 | D        | Found a bloodstained altar of Trog.
   142 | D        | Found an iron altar of Okawaru.
   142 | D        | Found a basalt altar of Yredelemnul.
   142 | D        | Found a glowing golden altar of the Shining One.
   142 | D        | Found a snail-covered altar of Cheibriados.
   142 | D        | Found a sacrificial altar of Ru.
   142 | D        | Found a glowing silver altar of Zin.
   142 | D        | Found a shadowy altar of Dithmenos.
   142 | D        | Found a white marble altar of Elyvilon.
   142 | D        | Noticed a yak
   143 | D        | Found an opulent altar of Gozag.
   144 | D        | Killed a yak
   144 | D        | Reached skill level 20 in Stealth
   145 | D        | Found a sparkling altar of Nemelex Xobeh.
   149 | D        | Bought 2 potions of berserk rage for 120 gold pieces
   174 | D        | Noticed Sonja
   183 | D        | Killed Sonja
   183 | D        | Reached skill level 22 in Stealth
   183 | D        | Reached XP level 7. HP: 22/35 MP: 8/8
   199 | D        | Found Cuufrei's Distillery.
   419 | D        | Noticed a deep troll
   423 | D        | Killed a deep troll
   423 | D        | Reached skill level 24 in Stealth
   423 | D        | Reached XP level 8. HP: 39/39 MP: 9/9
   439 | D        | Found Xifuep's Armour Emporium.
   485 | D        | Found a burning altar of Makhleb.
   485 | D        | Found a viscous altar of Jiyva.
   485 | D        | Found a shimmering altar of Xom.
   485 | D        | Found a corrupted altar of Lugonu.
   485 | D        | Noticed a slime creature
   488 | D        | Killed a slime creature
   488 | D        | Reached skill level 25 in Stealth
   503 | D        | Noticed a kobold demonologist
   504 | D        | Noticed a kobold demonologist
   508 | D        | Killed a kobold demonologist
   508 | D        | Reached skill level 26 in Stealth
   510 | D        | Killed a kobold demonologist
   510 | D        | Reached XP level 9. HP: 43/43 MP: 10/10
   540 | D        | Noticed a centaur warrior
   540 | D        | Noticed a centaur warrior
   542 | D        | Killed a centaur warrior
   542 | D        | Reached skill level 27 in Stealth
   543 | D        | Killed a centaur warrior
   543 | D        | Reached skill level 10 in Dodging
   567 | D        | Noticed an oklob plant
   573 | D        | Splashed by an oklob plant's acid

Skill      XL: |  1  2  3  4  5  6  7  8  9 |
---------------+----------------------------+-----
Stealth        | 8 13 17 22 24 26 27 | 27.0
Short Blades   | 8 |  8.4
Dodging        | 10 | 10.6
Fighting       | |  2.4

Action                   |  1- 3 |  4- 6 |  7- 9 || total
-------------------------+-------+-------+-------++-------
Melee: Short sword       |    25 |     8 |    13 ||    46
  Use: Potion            |     1 |     1 |       ||     2
 Stab: Sleeping          |       |     3 |     8 ||    11
Armor: Robe              |     1 |     3 |       ||     4
Dodge: Dodged            |    15 |    16 |       ||    31
